Description

Alive vs Protoss Build Order Timing - Push at 5:45 attack 3rd Nexus at 6:20

VOD

https://www.youtube.com/watch?v=KK4Trit-MvE&t=1s

Build Order

Get SALT Encoding   

  1  0:01  SCV  
  1  0:19  Supply Depot  
  1  0:25  Refinery  
  1  0:44  Barracks  
  1  1:32  Marine Put out front  
  1  1:33  Orbital Command  
  1  1:44  Command Center  
  1  1:51  Barracks Reactor Nn-Stop Marines  
  1  2:00  Factory  
  1  2:10  Supply Depot Walled off  
  1  2:17  Refinery  
  1  2:30  Marine  
  1  2:45  Starport  
  1  2:47  Widow Mine Into mineral line  
  1  3:00  Orbital Command  
  1  3:22  Viking  
  1  3:30  Barracks  
  1  3:40  Barracks  
  1  3:41  Supply Depot  
  1  3:46  Factory Tech Lab  
  1  3:47  Starport Tech Lab  
  1  3:48  Engineering Bay  
  1  4:10  Factory Reactor  
  1  4:11  Starport Reactor  
  1  4:15  Terran Infantry Weapons Level 1  
  1  4:20  Barracks Tech Lab x2  
  1  4:25  Stimpack  
  1  4:31  Combat Shields  
  1  4:58  Medivac x2  
  1  5:00  Widow Mine x2  
  1  5:10  Marauder x2  
  1  5:45  Action PUSH  
  1  5:55  Command Center  
  1  6:10  Refinery x2  
  1  6:20  Terran Infantry Armor Level 1, Barracks x2  
Spawning Tool Build Advisor. Get it on Overwolf

Go to:

Details

  • Created by: thenatsalisbury
  • Published on: Aug 22, 2018
  • Modified on: Aug 24, 2018
  • Patch: 4.0.0
Show
View Real Time Build Order
Export as new Build Order

Comments (0)

There are no comments. Be the first!

Create an account to comment!